 Dungeon Crawl Stone Soup version 0.30-a0-862-g1aabd4f9c5 (webtiles) character file.

Game seed: 6692128959709882418

1901906 dolemite99 the Sorcerer (level 27, 205/205 HPs)
             Began as a Djinni Necromancer on Mar 9, 2023.
             Was a High Priest of Ashenzari.
             Escaped with the Orb
             ... and 4 runes on Mar 11, 2023!
             The game lasted 04:58:07 (110909 turns).

dolemite99 the Sorcerer (Djinni Necromancer)      Turns: 110909, Time: 04:58:08

Health: 205/205    AC: 30    Str:  7    XL:     27
Gold:   3657       EV: 20    Int: 30    God:    Ashenzari [*****.] SH: 15 Dex: 17

rFire   + + .      SeeInvis +    b - +8 scimitar (freeze)
rCold   + . .      Faith    .    X - +1 kite shield "Ennui of the Bound Sage" {reflect, Cun, Fort} (curse)
rNeg    . . .      Spirit   .    y - quicksilver dragon scales of Ashenzari's Omen {Will+, Cun, Evo} (curse)
rPois   ∞          Reflect  +    x - +0 helmet of Desmomancy {rElec rPois, Fort, Cun} (curse)
rElec   +          Rampage  .    o - +2 cloak of Curses and Power {rCorr, Evo, Melee} (curse)
rCorr   +          Clarity  +    w - +2 pair of gloves of Ashenzari's Heresy {Fort, Self} (curse)
Will    +++..                    (boots unavailable)
Stlth   ++                       r - amulet of Ashenzari's Polytheism {Regen+, Fort, Evo} (curse)
HPRegen 1.34/turn                A - ring "Sorrow of Ashenzari" {rC+, Range, Self} (curse)
MPRegen 0.00/turn                j - ring "Buogya" {rElec rC+ MP+9 Int+2}

@: flying, studying Long Blades
A: sickness immunity, fire resistance 2, cold vulnerability 1, float, innate
caster, HP casting, extra vitality 1, frail 1, screaming 1
0: Orb of Zot
}: 4/15 runes: decaying, slimy, silver, gossamer
a: Renounce Religion, Curse Item, Shatter the Chains


You escaped.
You worshipped Ashenzari.
Ashenzari was extremely pleased with you.
You visited 13 branches of the dungeon, and saw 57 of its levels.
You visited 1 ziggurat, and saw 8 of its levels.
You also visited: Bailey.

You collected 10252 gold pieces.
You spent 6595 gold pieces at shops.

Inventory:

Hand Weapons
 b - a +8 scimitar of freezing (weapon)
 h - the +9 short sword "Karehod" {elec, Str+3 Int+3 Stlth+}
   (You took it off a kobold brigand on level 8 of the Dungeon)

   Str:       It affects your strength (+3).
   Int:       It affects your intelligence (+3).
   Stlth:     It makes you more stealthy.
 C - the +8 mace of Kikubaaqudgha's Hope {pain, +Blink Str-4 Int+5 Dex-2}
   (You found it on level 1 of the Lair of Beasts)

   Str:       It affects your strength (-4).
   Int:       It affects your intelligence (+5).
   Dex:       It affects your dexterity (-2).
   +Blink:    It lets you blink.
 R - the +3 greatsling "Punk" {acid, rCorr}
   (You found it on level 6 of a ziggurat)

   rCorr:     It protects you from acid and corrosion.
Missiles
 s - 48 poisoned darts
 F - 10 javelins
Armour
 o - the cursed +2 cloak of Curses and Power (worn) {rCorr, Evo, Melee}
   (You took it off Nikola on level 4 of the Spider Nest)

   It has a curse which improves the following skills: Evocations: Evocations.
   Melee Combat: Short Blades, Long Blades, Axes, Maces & Flails, Polearms,
   Staves and Unarmed Combat.
 w - the cursed +2 pair of gloves of Ashenzari's Heresy (worn) {Fort, Self}
   (You found it on level 4 of the Dungeon)

   It has a curse which improves the following skills: Fortitude: Armour and
   Shields.
   Introspection: Fighting and Spellcasting.
 x - the cursed +0 helmet of Desmomancy (worn) {rElec rPois, Fort, Cun}
   (You found it on level 15 of the Dungeon)

   rElec:     It insulates you from electricity.
   rPois:     It protects you from poison.
   It has a curse which improves the following skills: Fortitude: Armour and
   Shields.
   Cunning:   Dodging and Stealth.
 y - the cursed quicksilver dragon scales of Ashenzari's Omen (worn) {Will+, Cun, Evo}
   (You found it on level 5 of the Dungeon)

   Will:      It increases your willpower.
   It has a curse which improves the following skills: Cunning: Dodging and
   Stealth.
   Evocations: Evocations.
 X - the cursed +1 kite shield "Ennui of the Bound Sage" (worn) {reflect, Cun, Fort}
   (You took it off a deep elf high priest on level 3 of the Elven Halls)

   It has a curse which improves the following skills: Cunning: Dodging and
   Stealth.
   Fortitude: Armour and Shields.
Magical Staves
 a - a staff of cold
 i - a staff of earth
 n - a staff of fire
 G - a staff of death
Jewellery
 j - the ring "Buogya" (right hand) {rElec rC+ MP+9 Int+2}
   (You found it on level 8 of a ziggurat)

   [ring of magical power]

   Int:       It affects your intelligence (+2).
   rC:        It protects you from cold.
   rElec:     It insulates you from electricity.
   MP:        It affects your magic capacity (+9).
 p - a ring of protection from cold
 r - the cursed amulet of Ashenzari's Polytheism (around neck) {Regen+, Fort, Evo}
   (You found it on level 5 of the Dungeon)

   [amulet of regeneration]

   Regen:     It increases your rate of health regeneration.
   It has a curse which improves the following skills: Fortitude: Armour and
   Shields.
   Evocations: Evocations.
 z - the ring of Icream {rF+ Str+6}
   (You found it on level 5 of the Pits of Slime)

   [ring of protection from fire]

   Str:       It affects your strength (+6).
   rF:        It protects you from fire.
 A - the cursed ring "Sorrow of Ashenzari" (left hand) {rC+, Range, Self}
   (You found it on level 6 of the Dungeon)

   [ring of protection from cold]

   rC:        It protects you from cold.
   It has a curse which improves the following skills: Ranged Combat: Ranged
   Weapons and Throwing.
   Introspection: Fighting and Spellcasting.
 H - the ring "Jeneor" {rN+ Int+4 Dex+3}
   (You took it off a deep elf elementalist on level 3 of the Elven Halls)

   [ring of positive energy]

   Int:       It affects your intelligence (+4).
   Dex:       It affects your dexterity (+3).
   rN:        It protects you from negative energy.
 I - a ring of wizardry
Wands
 k - a wand of digging (6)
 M - a wand of mindburst (15)
 O - a wand of charming (26)
 V - a wand of acid (4)
Scrolls
 e - 11 scrolls of poison
 q - 11 scrolls of vulnerability
 v - 11 scrolls of silence
 D - 12 scrolls of magic mapping
 N - 6 scrolls of fog
 P - 6 scrolls of teleportation
 Q - 6 scrolls of noise
 Y - 16 scrolls of immolation
 Z - 2 scrolls of blinking
Potions
 d - 6 potions of berserk rage
 g - 14 potions of mutation
 l - 10 potions of brilliance
 u - 9 potions of resistance
 B - 17 potions of curing
 J - 2 potions of ambrosia
 L - 13 potions of might
 T - 5 potions of flight
 U - 4 potions of cancellation
 W - 16 potions of haste
Miscellaneous
 c - a tin of tremorstones (2/2)
 f - a lightning rod (4/4)
 m - a box of beasts
 t - the horn of Geryon
 E - a phial of floods
 K - a phantom mirror
 S - a condenser vane


   Skills:
 - Level 24.0(27) Fighting
 - Level 6.4(12.4) Short Blades
 - Level 13.7(16.4) Long Blades
 - Level 4.0(6.1) Throwing
 - Level 21.9(27) Armour
 + Level 18.2(22.5) Dodging
 - Level 10.1(14.6) Stealth
 - Level 9.9(15.3) Shields
 - Level 24.5(27) Spellcasting
 - Level 18.9(23.1) Evocations


You knew the following spells:

 Your Spells              Type           Power      Damage    Failure   Level
a - Borgnjor's Vile Clut  Necr/Erth      58%        N/A       0%          5
b - Poisonous Vapours     Pois/Air       100%       N/A       0%          2
c - Eringya's Noxious Bo  Tmut/Pois      58%        N/A       0%          6
d - Vampiric Draining     Necr           100%       2d13      0%          3
e - Kiss of Death         Conj/Necr      100%       2d13      0%          1
f - Iron Shot             Conj/Erth      58%        9d11      0%          6
g - Agony                 Necr           100%       N/A       0%          5
h - Swiftness             Air            100%       N/A       0%          3
i - Searing Ray           Conj           100%       2d8       0%          2
j - Necrotise             Necr           100%       1d9       0%          1
k - Anguish               Hex/Necr       58%        N/A       0%          4
l - Necromutation         Tmut/Necr      58%        N/A       1%          8
m - Disjunction           Tloc           58%        N/A       1%          8
n - Borgnjor's Revivific  Necr           58%        N/A       1%          8
o - Dragon's Call         Summ           58%        N/A       2%          9
q - Dragon Form           Tmut           58%        N/A       1%          7
z - Animate Dead          Necr           100%       N/A       0%          4
Your spell library was empty.

Dungeon Overview and Level Annotations

Branches:
Dungeon (15/15)            Temple (1/1) D:4            Lair (5/5) D:9
  Swamp (4/4) Lair:3       Spider (4/4) Lair:3        Slime (5/5) Lair:5
    Orc (2/2) D:9             Elf (3/3) Orc:2        Vaults (5/5) D:13
  Crypt (3/3) Vaults:3       Tomb (0/3) Crypt:3      Depths (4/4) D:15
   Hell (visited)             Dis (0/7) Hell            Geh (0/7) Hell
    Coc (0/7) Hell            Tar (0/7) Hell            Zot (5/5) Depths:4
 Bailey (visited)

Altars:
Ashenzari
Cheibriados
Dithmenos
Elyvilon
Fedhas
Gozag
Hepliaklqana
Makhleb
Nemelex Xobeh
Okawaru
Qazlal
Ru
Trog
Wu Jian
Xom
Yredelemnul
The Shining One
Lugonu

Shops:
D:2 [!   D:11 :   D:12 ([*:   D:13 *   Orc:2 ?(?(   Elf:1 =:=[   Elf:3 (
Vaults:1 :   Vaults:2 ?   Vaults:4 (   Vaults:5 !!!!(!(

Portals:
Hell: Depths:1 Depths:2 Depths:3 Depths:4
Abyss: Depths:1 Depths:3
Pandemonium: Depths:2 Depths:4

Annotations:
D:4 exclusion: downstairs
Lair:1 exclusion: 2 downstairs
Spider:1 1 runed translucent door
Crypt:2 2 transporters, Dugafar's ghost, adept GrFi
Crypt:3 1 runed translucent door, Hegoitz's ghost, veteran MiGl
Depths:2 exclusion: downstairs
Depths:3 1 runed translucent door, Odimm's ghost, master GrFi
Zot:3 4 transporters, bjtr's ghost, legendary GrEE


Innate Abilities, Weirdness & Mutations

You are immune to sickness and miasma.
You are immune to poison.
Your flesh is very heat resistant. (rF++)
You are vulnerable to cold. (rC-)
You float through the air rather than walking.
You learn spells naturally, not from books.
Your magical power is your life essence.
You have superior vitality. (+4 MHP)
You are frail. (-10% HP)
You occasionally shout uncontrollably at your foes.


Message History

The Executioner hits you but does no damage.
You block the Executioner's attack. The Executioner hits you!
You block the Executioner's attack. x2
Casting: Borgnjor's Vile Clutch (safe; 0% risk of failure)
Confirm with . or Enter, or press ? or * to list all spells.
Aiming: Iron Shot (safe; 0% risk of failure)
Press: ? - help, Shift-Dir - straight line, f/p - Executioner
Aim: an Executioner (lightly wounded, fast, constricted by zombie hands, 100% to hit)
The iron shot hits the Executioner!!!
You kill the Executioner!
Casting: Iron Shot (safe; 0% risk of failure)
Confirm with . or Enter, or press ? or * to list all spells.
You can't see any susceptible monsters within range! (Use Z to cast anyway.)
Casting: Iron Shot (safe; 0% risk of failure)
Confirm with . or Enter, or press ? or * to list all spells.
You can't see any susceptible monsters within range! (Use Z to cast anyway.)
You can once more reach out to the dragon horde.
There is a stone staircase leading up here.
You fly upwards.
There is a stone staircase leading down here.
You see here a +0 club.
There is a stone staircase leading up here.
You fly upwards.
Level annotation: exclusion: downstairs
There is a stone staircase leading down here.
Things that are here:
a +0 robe; a +0 dagger You see here a +0 short sword.
There is a stone staircase leading up here.
You fly upwards.
There is a stone staircase leading down here.
There is a stone staircase leading up here.
You fly upwards.
There is a stone staircase leading down here.
There is a stone staircase leading up here.
You fly upwards.
There is a stone staircase leading down here.
There is an open door here.
There is a staircase leading out of the dungeon here.
You have escaped!

....##.##.###♣♣#..# ##.#
####.#.#.#♣##~♣.#.♣♣♣♣♣# #..# #
##...#♣♣...........~###..#
######.## #...........♣≈##..###
.......# ♣..###+###..#♣#.....#
.......# ♣♣..#.....#..#♣#.....###
######.#♣♣...#.....#...##.....^..
### #.##.#..#.....#..#.#.(......
..# #.#♣♣...#..@..'...♣......###
..####.###♣..#.....#..###.....#
........# ♣..#######..# #####.#
..####.##♣♣...........♣ #.# ..#
#.###~...........# #.#
######.#..##♣♣♣.#.##♣## #.###
#.......# ♣#.#♣ #...# #.......#
##♣.# ###### ###.#
#.......#####...# #....# #.#


There were no monsters in sight!

Vanquished Creatures
  the Royal Jelly (Slime:5)
  2 dread liches
  An orb of fire (Zot:5)
  An ancient lich (Zot:5)
  2 juggernauts
  2 pandemonium lords
  2 Killer Klowns
  Margery (Depths:3)
  Frederick (Crypt:3)
  Saint Roka (Depths:2)
  Bai Suzhen (Depths:1)
  2 caustic shrikes (Depths:3)
  3 golden dragons
  A curse toe (Zot:2)
  Nikola (Spider:4)
  Geryon (Hell)
  3 bone dragons
  An iron giant (Zig:8)
  A Brimstone Fiend (Zot:1)
  A Tzitzimitl (Depths:1)
  4 electric golems
  A walking crystal tome (Depths:4)
  A Hell Sentinel (Zig:8)
  6 tentacled monstrosities
  10 liches
  2 walking divine tomes (Depths:3)
  8 Orb Guardians (Zot:5)
  3 deep elf blademasters
  A shard shrike skeleton (Crypt:3)
  3 deep elf master archers (Elf:3)
  3 titans
  A searing wretch (Hell)
  An Executioner (D:6)
  4 quicksilver dragons
  4 acid blobs
  7 ancient champions
  4 shadow dragons
  3 sphinxes
  3 tengu reavers
  3 death cobs
  Agnes (Spider:4)
  Frances (D:12)
  3 draconian monks
  A thorn hunter (Swamp:3)
  5 storm dragons
  An azure jelly (Slime:5)
  3 draconian knights
  12 fire giants
  3 rockslimes
  2 emperor scorpions
  6 revenants
  2 iron dragons
  5 frost giants
  8 deep elf sorcerers
  A frost giant (shapeshifter) (Vaults:5)
  16 vault wardens
  3 ghost moths
  A curse skull (Crypt:1)
  2 draconian scorchers
  Aizul (Crypt:1)
  5 draconian shifters
  A spriggan defender (Depths:2)
  2 draconian stormcallers
  5 deep elf elementalists
  20 ironbound preservers
  6 quicksilver oozes
  A juggernaut zombie (Crypt:3)
  5 ghouls
  11 very ugly things
  4 draconian annihilators
  2 caustic shrike skeletons (Crypt:3)
  A war gargoyle (Vaults:4)
  8 stone giants
  5 reapers
  9 ironbound thunderhulks
  4 vampire knights
  3 deep elf demonologists (Elf:3)
  5 broodmothers
  5 eleionomae
  4 black draconians
  2 bunyips
  2 yellow draconians (Depths:4)
  5 green draconians
  3 spark wasps
  9 deep elf annihilators
  2 purple draconians
  11 dire elephants
  The ghost of ragingrage the Slicer, a journeyman FoWr of Okawaru (Lair:2)
  6 white draconians
  8 red draconians
  9 eidola
  2 iron golems (Hell)
  An acid blob zombie (Crypt:1)
  5 deep elf death magi
  The ghost of jasper the Pandemonic, a journeyman DsFi of Makhleb (Lair:3)
  10 ettins
  7 deep elf high priests
  Josephine (D:11)
  A blizzard demon (Hell)
  9 fire dragons
  A shambling mangrove (Swamp:3)
  5 jiangshi
  6 great orbs of eyes
  11 entropy weavers
  Fannar (D:11)
  A great orb of eyes (shapeshifter) (Depths:3)
  A hydra (shapeshifter) (Depths:2)
  11 yaktaur captains
  4 rakshasas
  22 vault guards
  A hell beast (Depths:2)
  2 peacekeepers (Vaults:2)
  13 hydras
  2 spriggan air magi (Depths:1)
  The ghost of zenocrate the Martial Artist, a journeyman OpTm of Jiyva (Lair:2)
  2 ghost crabs
  9 ice dragons
  7 centaur warriors
  An Orb Guardian zombie (Crypt:2)
  3 radroaches
  3 spriggan skeletons
  8 alligators
  A catoblepas (D:15)
  5 boulder beetles
  5 ogre magi
  2 azure jelly zombies (Crypt:3)
  4 ironbound frosthearts
  6 deep troll shamans
  2 death knights
  19 two-headed ogres
  A bennu skeleton (Crypt:1)
  5 death yaks (Lair:4)
  10 deep troll earth magi
  4 spriggan berserkers
  11 tengu warriors
  13 hell hogs
  21 dancing weapons
  Urug (Lair:4)
  8 vampire magi
  7 sun demons
  5 hell knights
  7 deep elf knights
  10 iron trolls
  3 soul eaters
  2 skysharks
  A sixfirhy (Zot:4)
  A titan skeleton (Crypt:3)
  A large abomination (D:11)
  59 skeletal warriors
  3 bunyip zombies (Swamp:3)
  7 pharaoh ants
  An anaconda zombie (Hell)
  4 goliath frogs
  6 deep elf archers
  5 spriggan druids
  A glowing orange brain (Depths:1)
  9 flayed ghosts
  70 deep trolls
  2 sun moths (Spider:4)
  An orange crystal statue (Zig:6)
  Pikel (D:5)
  17 ironbound convokers
  8 orb spiders
  An iron giant skeleton (Crypt:1)
  8 swamp dragons
  4 phantasmal warriors
  4 bunyip skeletons (Swamp:3)
  6 bog bodies
  5 steelbarb worms
  5 necromancers
  3 nameless horrors
  10 wizards
  A wolf spider zombie (Spider:2)
  3 orc knights
  10 lindwurms
  3 ugly thing zombies
  23 deep elf pyromancers
  An anaconda skeleton (Crypt:3)
  20 deep elf zephyrmancers
  An eleionoma zombie (Swamp:2)
  A hell hog zombie (Hell)
  23 ugly things
  A tengu skeleton (Crypt:3)
  5 will-o-the-wisps
  A frost giant zombie (Hell)
  19 wolf spiders
  2 manticores
  A shining eye (Slime:3)
  19 moths of wrath
  11 elephants
  A stone giant zombie (Vaults:3)
  5 cyclopes
  A shadow dragon skeleton (Crypt:3)
  9 vault sentinels
  2 black mambas
  2 ice statues
  2 stone giant skeletons
  7 demonic crawlers
  2 rust devils
  A dire elephant zombie (Crypt:1)
  8 torpor snails
  A smoke demon (Depths:2)
  A molten gargoyle (Lair:5)
  2 naga skeletons (Crypt:3)
  An alligator snapping turtle zombie (Crypt:1)
  A centaur skeleton (Crypt:3)
  A green draconian zombie (Crypt:3)
  9 cane toads
  A catoblepas zombie (Crypt:3)
  A dire elephant skeleton (Crypt:3)
  19 komodo dragons
  4 rime drakes
  28 yaktaurs
  A freezing wraith (Crypt:1)
  2 sea snake zombies
  A black draconian skeleton (Crypt:1)
  An ice devil (Hell)
  2 tengu conjurers
  A red devil (Depths:4)
  5 trolls
  A hydra zombie (Hell)
  7 meliai
  A hellwing (Depths:2)
  A bloated husk (Swamp:2)
  30 tarantellas
  9 tyrant leeches
  A moth of wrath zombie (Lair:3)
  Prince Ribbit (Bailey)
  6 hornets
  4 polar bears
  A tengu simulacrum (Vaults:3)
  6 harpy skeletons
  A tarantella zombie (Spider:2)
  Grinder (D:6)
  A hornet (shapeshifter) (D:13)
  22 blink frogs
  A radroach zombie (Spider:2)
  2 dream sheep (shapeshifter)
  An ice dragon zombie (Depths:3)
  7 dream sheep
  29 jumping spiders
  9 flying skulls (Crypt:3)
  A great orb of eyes zombie (Crypt:1)
  2 shadows (D:11)
  An ettin zombie (Crypt:1)
  30 slime creatures
  Sigmund (D:3)
  3 centaur simulacra
  2 alligator skeletons
  A fire dragon skeleton (Crypt:3)
  11 wraiths
  29 culicivoras
  3 vampires
  An air elemental (Elf:2)
  An ice dragon skeleton (Crypt:2)
  A dire elephant simulacrum (Crypt:1)
  13 spriggans
  57 yaks
  10 basilisks
  9 wyverns
  2 fire elementals (Elf:1)
  4 water elementals
  8 vampire mosquitoes
  4 steam dragons
  2 chaos spawn (Depths:2)
  A neqoxec (Depths:4)
  42 redbacks
  A redback (shapeshifter) (Depths:4)
  5 humans (Bailey)
  Edmund (D:4)
  A two-headed ogre zombie (Orc:2)
  2 human zombies (Depths:3)
  9 wargs
  3 acid dragons
  A harpy simulacrum (Crypt:3)
  4 deep troll zombies
  16 swamp worms
  6 swamp drakes
  2 two-headed ogre skeletons
  A deep troll skeleton (Crypt:3)
  5 hell hounds
  16 water moccasins
  A floating eye (Depths:3)
  A cane toad skeleton (Crypt:3)
  A glowing shapeshifter skeleton (Crypt:1)
  20 orc warriors
  A sky beast (D:7)
  4 elf zombies
  A lindwurm zombie (Vaults:2)
  An elephant zombie (Crypt:1)
  3 black bears
  24 ogres
  2 spriggan simulacra
  5 boggarts
  A lindwurm skeleton (Crypt:2)
  A tengu (shapeshifter) (Elf:1)
  8 centaurs
  20 wolves
  A lemure (D:4)
  2 kobold brigands (D:8)
  3 phantoms
  6 necrophages
  A yaktaur zombie (Vaults:2)
  22 bullfrogs
  2 wyvern zombies
  2 earth elementals
  A scorpion (D:7)
  3 wights (D:8)
  A wyvern skeleton (Crypt:3)
  A troll zombie (Orc:1)
  12 killer bees
  7 spriggan zombies
  5 howler monkeys
  An electric eel (D:10)
  4 lava snakes (Lair:5)
  2 bullfrog zombies
  2 jellies (D:6)
  4 hounds
  A hound (shapeshifter) (Vaults:5)
  16 orc priests
  Crazy Yiuf (D:7)
  2 gnoll boudas
  A bullfrog skeleton (Crypt:2)
  3 sleepcaps
  10 iguanas
  16 orc wizards
  6 hell rats (Lair:3)
  A killer bee zombie (D:6)
  3 ogre zombies
  A deep dwarf skeleton (Crypt:3)
  A human simulacrum (D:13)
  A howler monkey zombie (D:13)
  19 gnolls
  11 adders
  A swamp drake zombie (Swamp:4)
  A shadow imp (D:6)
  3 white imps
  A howler monkey simulacrum (D:10)
  14 orc zombies
  7 worms
  A dart slug (D:8)
  70 orcs
  5 ball pythons
  9 endoplasms
  3 giant cockroaches
  A gnoll zombie (Crypt:1)
  10 goblins
  5 hobgoblins
  4 quokkas
  A ball python skeleton (Crypt:2)
  7 bats
  A frilled lizard (D:2)
  A gnoll skeleton (Crypt:1)
  18 kobolds
  A quokka skeleton (Crypt:2)
  14 rats
  A spectral goblin (D:8)
  2 fire vortices (Hell)
  A lurking horror (Depths:1)
2061 creatures vanquished.

Vanquished Creatures (collateral kills)
  A dread lich (Zot:5)
  4 orbs of fire (Zot:5)
  An ancient lich (Zot:5)
  A juggernaut (Zig:3)
  6 Killer Klowns
  the Lernaean hydra (Swamp:4)
  Parghit (Zot:2)
  2 curse toes
  6 golden dragons
  A profane servitor (Depths:2)
  The ghost of SirDiesAlot the Eclecticist, an adept DsFE of Gozag (Vaults:2)
  Jorgrun (Orc:2)
  4 electric golems
  7 tentacled monstrosities
  18 Orb Guardians
  8 quicksilver dragons
  5 titans (Vaults:5)
  2 liches
  A deep elf blademaster (Elf:3)
  6 searing wretches (Hell)
  An ancient champion (Crypt:1)
  A quicksilver dragon (shapeshifter) (Vaults:5)
  An Executioner (Zot:4)
  A death cob (Zot:4)
  A sphinx (Vaults:5)
  The ghost of Twinkles the Brawler, an adept TrHs of Dithmenos (Swamp:4)
  15 acid blobs
  5 shadow dragons
  6 storm dragons
  Roxanne (Spider:4)
  6 azure jellies
  4 draconian monks
  7 tengu reavers
  5 frost giants
  13 rockslimes
  A nagaraja (Zig:7)
  4 vault wardens
  7 fire giants
  6 draconian scorchers
  5 draconian knights
  2 iron dragons
  2 balrugs
  3 deep elf sorcerers
  5 ghost moths
  10 draconian shifters
  A broodmother (Spider:4)
  4 draconian annihilators
  A cacodemon (Zot:4)
  2 demonspawn corrupters (Zig:6)
  9 draconian stormcallers
  A spriggan defender (Depths:3)
  3 reapers (Hell)
  A demonspawn blood saint (Zig:6)
  6 ironbound preservers
  6 quicksilver oozes
  4 ironbound thunderhulks
  2 very ugly things
  8 green draconians
  3 war gargoyles
  A vampire knight (Depths:3)
  10 stone giants
  3 black draconians
  A demonspawn black sun (Zot:4)
  A rockslime zombie (Slime:5)
  11 purple draconians
  2 lorocyprocas
  3 dire elephants (Vaults:1)
  A bunyip (Zig:4)
  3 deep elf annihilators
  12 white draconians
  10 yellow draconians
  3 deep elf death magi
  19 red draconians
  A spark wasp (Spider:2)
  A blizzard demon (Hell)
  2 iron golems (Zig:8)
  7 ettins
  An eidolon (Crypt:3)
  A mummy priest (Zig:1)
  5 yaktaur captains
  2 fire dragons
  4 great orbs of eyes
  3 ice dragons
  A peacekeeper (Vaults:4)
  2 entropy weavers
  2 deep elf high priests (Vaults:5)
  A rakshasa (Depths:3)
  2 spriggan air magi
  2 salamander tyrants (Zig:7)
  8 hydras
  2 ogre magi
  22 vault guards (Vaults:5)
  2 radroaches
  2 ghost crabs
  2 boulder beetles
  2 ironbound frosthearts
  A jorogumo (Spider:2)
  An alligator (Zig:4)
  A death yak (Lair:4)
  3 two-headed ogres
  7 dancing weapons (Elf:2)
  3 deep troll shamans
  17 hell hogs
  2 merfolk aquamancers (Zig:2)
  A stoker (Hell)
  2 deep troll earth magi
  2 spriggan berserkers
  2 sun demons (Hell)
  A nameless horror (Zot:1)
  2 storm dragon zombies (Hell)
  5 deep elf knights
  7 hell knights
  A naga sharpshooter (Zig:7)
  A sixfirhy (Zig:6)
  An iron troll (shapeshifter) (Depths:3)
  6 iron trolls
  3 pharaoh ants
  A spark wasp zombie (Hell)
  A skeletal warrior (Crypt:1)
  6 swamp dragons
  2 glowing orange brains
  2 lindwurms
  36 deep trolls
  8 bog bodies (Swamp:4)
  5 orb spiders
  A flayed ghost (Depths:3)
  A tengu zombie (Hell)
  A deep elf archer (Zig:5)
  9 ironbound convokers
  2 steelbarb worms
  A sphinx zombie (Hell)
  2 anaconda skeletons (Hell)
  6 wolf spiders
  An orc knight (Vaults:5)
  7 shining eyes
  An iron dragon zombie (Hell)
  5 deep elf pyromancers
  A frost giant zombie (Hell)
  3 will-o-the-wisps
  4 deep elf zephyrmancers
  2 oklob plants (Lair:5)
  2 mana vipers (Zig:7)
  2 ugly things
  18 moths of wrath
  A salamander (Zig:7)
  3 large abominations
  2 black mambas (Zig:7)
  79 slime creatures
  9 vault sentinels
  2 ice statues (Zig:6)
  A naga mage (Zig:7)
  6 rust devils
  An elephant (Lair:4)
  A demonic crawler (Spider:2)
  2 orange demons
  3 eyes of devastation (Slime:5)
  2 hellions (Zot:2)
  2 freezing wraiths (Hell)
  4 komodo dragons
  15 yaktaurs
  An efreet (Zot:2)
  A red devil (Hell)
  A sea snake skeleton (Hell)
  6 trolls
  3 merfolk (Zig:2)
  5 hornets
  A polar bear (Lair:1)
  9 tarantellas
  A tyrant leech (Zig:4)
  A hydra skeleton (Hell)
  2 alligator zombies (Hell)
  A snapping turtle (shapeshifter) (Vaults:5)
  A water elemental (Hell)
  6 jumping spiders
  A culicivora (Spider:3)
  2 spriggans (Depths:4)
  A slime creature zombie (Slime:5)
  8 yaks
  An ushabti (Zig:1)
  A human (shapeshifter) (Vaults:5)
  13 redbacks
  7 golden eyes (Slime:3)
  A warg (Orc:2)
  2 swamp worms
  4 hell hounds (Hell)
  4 swamp drakes
  7 orc warriors
  4 wolves (Lair:4)
  12 ogres
  2 earth elementals (Zig:8)
  A howler monkey (D:11)
  A lava snake (Lair:5)
  A jelly (shapeshifter) (Vaults:5)
  3 orc priests
  2 iguanas
  6 orc wizards
  An adder (D:2)
  12 orcs
  2 ball pythons
  A frilled lizard (D:2)
  A bush (Swamp:4)
  A creeping inferno (Zot:2)
  3 fire vortices
874 creatures vanquished.

Vanquished Creatures (others)
  A lich (Hell)
  A caustic shrike zombie (Depths:3)
  A Killer Klown zombie (Zot:4)
  A white draconian (Zot:5)
  A yellow draconian (Zot:2)
  3 very ugly thing zombies
  A vault guard (Vaults:5)
  A spriggan air mage (Depths:4)
  4 Orb Guardian zombies (Zot:5)
  An ogre mage (Vaults:5)
  A titan zombie (Vaults:5)
  A deep troll earth mage (Vaults:5)
  A storm dragon zombie (Depths:3)
  A spark wasp zombie (Depths:3)
  2 shadow dragon zombies
  A ghost moth zombie (Spider:4)
  A wizard (Vaults:4)
  2 tengu zombies (Vaults:5)
  A stone giant zombie (Zot:2)
  2 wolf spider zombies (Spider:3)
  A lindwurm (Vaults:1)
  2 sphinx zombies
  7 ugly thing zombies
  9 fire giant zombies
  An orc knight (Vaults:5)
  7 draconian zombies
  2 goliath frog zombies
  A frost giant zombie (Vaults:5)
  An elephant (Lair:2)
  A molten gargoyle (Lair:5)
  3 black mambas
  5 dire elephant zombies
  A demonic crawler (Hell)
  6 green draconian zombies
  A black draconian zombie (Zot:4)
  4 red draconian zombies
  An unseen horror (D:13)
  5 iron troll zombies
  4 komodo dragons
  5 swamp worm zombies
  2 purple draconian zombies
  4 white draconian zombies
  2 yellow draconian zombies
  2 orb spider zombies
  11 redback zombies
  5 hydra zombies (Swamp:4)
  A demonic crawler zombie (Spider:2)
  2 bloated husks
  6 culicivora zombies
  A blink frog (Lair:2)
  11 tarantella zombies
  A great orb of eyes zombie (Vaults:2)
  6 moth of wrath zombies
  6 jumping spider zombies
  A slime creature (Slime:5)
  A sun moth zombie (Spider:4)
  2 alligator zombies
  3 ice dragon zombies
  A boulder beetle zombie (Vaults:3)
  4 ettin zombies
  A dream sheep (Lair:3)
  3 fire dragon zombies (Depths:3)
  12 slime creature zombies
  3 black mamba zombies (Lair:5)
  A basilisk (Lair:5)
  3 yaks (Lair:1)
  5 spriggan zombies
  A steam dragon (Lair:5)
  A tyrant leech zombie (Swamp:4)
  42 human zombies
  54 deep troll zombies
  7 two-headed ogre zombies (Orc:2)
  3 entropy weaver zombies
  2 hornet zombies
  6 elephant zombies (Lair:4)
  A ghost crab zombie (Swamp:4)
  2 lindwurm zombies (Vaults:2)
  A swamp drake (Swamp:4)
  6 swamp dragon zombies (Swamp:4)
  31 elf zombies
  3 blink frog zombies (Lair:1)
  4 wolves
  A vampire mosquito zombie (Swamp:2)
  22 yaktaur zombies
  A komodo dragon zombie (Lair:1)
  A wyvern zombie (Lair:5)
  2 warg zombies (Orc:2)
  A naga zombie (Zig:7)
  9 yak zombies
  3 troll zombies
  2 polar bear zombies
  A basilisk zombie (Lair:5)
  A boggart zombie (Vaults:1)
  2 killer bee zombies
  20 ogre zombies
  A human simulacrum (D:13)
  2 howler monkey zombies (D:13)
  A steam dragon zombie (Lair:5)
  4 swamp drake zombies (Swamp:4)
  A jelly zombie (Vaults:5)
  21 orc zombies
  2 gnoll zombies (D:8)
  3 bushes
  A creeping inferno (Zot:2)
  2 fire vortices (Zot:2)
  40 foxfires
  95 fungi
  129 plants
  4 toadstools (D:7)
  6 withered plants (Lair:2)
737 creatures vanquished.

Grand Total: 3672 creatures vanquished

Notes
Turn   | Place    | Note
-------+----------+-------------------------------------------
     0 | D:1      | dolemite99 the Djinni Necromancer began the quest for the
                  | Orb.
     0 | D:1      | dolemite99 set off with the following spells memorised:
                  | Necrotise, Vampiric Draining, Animate Dead, Agony.
     0 | D:1      | Reached XP level 1. HP: 15/15 MP: 0/0
   117 | D:1      | Reached skill level 1 in Fighting
   200 | D:1      | Reached XP level 2. HP: 21/22 MP: 0/0
   706 | D:2      | Reached XP level 3. HP: 26/28 MP: 0/0
   706 | D:2      | Learned a level 1 spell: Kiss of Death
  1361 | D:2      | Found Wisul Homio's Antique Armour Shoppe.
  1401 | D:2      | Found Dofuqy Muys's Distillery.
  1416 | D:2      | Bought 2 potions of curing for 72 gold pieces
  1557 | D:2      | Reached XP level 4. HP: 31/34 MP: 0/0
  2126 | D:3      | Reached XP level 5. HP: 37/39 MP: 0/0
  2126 | D:3      | Learned a level 2 spell: Poisonous Vapours
  2488 | D:3      | Noticed Sigmund
  2505 | D:3      | Killed Sigmund
  2506 | D:3      | Reached skill level 5 in Spellcasting
  2506 | D:3      | Reached XP level 6. HP: 11/45 MP: 0/0
  2990 | D:3      | You are sucked into a shaft and drop 2 floors!
  2990 | D:5      | Entered Level 5 of the Dungeon
  3155 | D:5      | Noticed a water moccasin
  3162 | D:5      | Killed a water moccasin
  3163 | D:5      | Reached XP level 7. HP: 45/49 MP: 0/0
  3163 | D:5      | Learned a level 2 spell: Searing Ray
  3379 | D:4      | Found an iron altar of Okawaru.
  3380 | D:4      | Noticed Edmund
  3391 | D:4      | Killed Edmund
  3635 | D:4      | Found a basalt altar of Yredelemnul.
  3868 | D:4      | Reached XP level 8. HP: 55/55 MP: 0/0
  3975 | D:4      | Found a staircase to the Ecumenical Temple.
  3988 | Temple   | Entered the Ecumenical Temple
  4106 | Temple   | Became a worshipper of Ashenzari the Shackled
  4874 | D:5      | Noticed Pikel
  5236 | D:6      | Noticed Grinder
  5394 | D:5      | Killed Pikel
  5395 | D:5      | Reached XP level 9. HP: 41/59 MP: 0/0
  5395 | D:5      | Learned a level 3 spell: Swiftness
  5752 | D:5      | Found a large runed translucent door.
  5753 | D:5      | Found a large runed translucent door.
  5967 | D:5      | Found a sacrificial altar of Ru.
  5983 | D:5      | Found a sparkling altar of Nemelex Xobeh.
  6480 | D:7      | Reached skill level 5 in Fighting
  6545 | D:7      | Reached XP level 10. HP: 54/72 MP: 0/0
  6719 | D:6      | Found a blossoming altar of Fedhas.
  6827 | D:6      | Paralysed by Grinder for 2 turns
  7657 | D:8      | Identified the +9 short sword "Karehod" {elec, Str+3 Int+3
                  | Stlth+}
  8089 | D:8      | Found an ornate altar of the Wu Jian Council.
  8412 | D:8      | Reached skill level 10 in Spellcasting
  9245 | D:8      | Reached skill level 1 in Evocations
  9555 | D:9      | Reached skill level 5 in Evocations
  9598 | D:9      | Found a burning altar of Makhleb.
  9802 | D:9      | Found a staircase to the Lair.
  9809 | D:9      | Noticed a komodo dragon
  9831 | D:9      | Reached XP level 11. HP: 72/81 MP: 0/0
  9831 | D:9      | Learned a level 4 spell: Anguish
 10160 | D:9      | Reached * piety under Ashenzari
 10194 | D:9      | Found a staircase to the Orcish Mines.
 10681 | Lair:1   | Entered Level 1 of the Lair of Beasts
 10873 | Lair:1   | Reached ** piety under Ashenzari
 11299 | Lair:1   | Reached skill level 10 in Fighting
 11519 | Lair:1   | Reached XP level 12. HP: 70/92 MP: 0/0
 11827 | Lair:1   | Reached *** piety under Ashenzari
 12050 | Lair:1   | Identified the +8 mace of Kikubaaqudgha's Hope {pain,
                  | +Blink Str-4 Int+5 Dex-2}
 13040 | Lair:2   | Noticed a seven-headed hydra
 13050 | Lair:2   | Killed a seven-headed hydra
 13404 | Lair:2   | Reached skill level 5 in Armour
 13646 | Lair:2   | Reached XP level 13. HP: 64/102 MP: 0/0
 13646 | Lair:2   | Learned a level 5 spell: Borgnjor's Vile Clutch
 13680 | Lair:2   | Found a runed translucent gate.
 13680 | Lair:2   | Found a runed translucent gate.
 13680 | Lair:2   | Found a runed translucent gate.
 13680 | Lair:2   | Noticed ragingrage's ghost (journeyman FoWr)
 13681 | Lair:2   | Noticed zenocrate's ghost (journeyman OpTm)
 13692 | Lair:2   | Identified the +0 demon trident "Giloiz" {flame, Int+4}
 14784 | Lair:2   | Reached skill level 1 in Short Blades
 15545 | Lair:3   | Noticed a seven-headed hydra
 15745 | Lair:3   | Found a hole to the Spider Nest.
 15780 | Lair:3   | Noticed a seven-headed hydra
 15821 | Lair:3   | Killed a seven-headed hydra
 15822 | Lair:3   | Reached skill level 5 in Short Blades
 15970 | Lair:3   | Found a transporter.
 15972 | Lair:3   | Found a transporter.
 15985 | Lair:3   | Found a bloodstained altar of Trog.
 15985 | Lair:3   | Noticed jasper's ghost (journeyman DsFi)
 15987 | Lair:3   | Found the +2 hood of the Assassin {Detect Stab+ Stlth++}
 16194 | Lair:3   | Reached skill level 1 in Shields
 16621 | Lair:3   | Noticed a seven-headed hydra
 16633 | Lair:3   | Killed a seven-headed hydra
 16634 | Lair:3   | Killed a seven-headed hydra
 16718 | Lair:3   | Found a staircase to the Swamp.
 16807 | Lair:4   | Reached skill level 5 in Shields
 17003 | Lair:4   | Reached XP level 14. HP: 85/108 MP: 0/0
 17963 | Lair:5   | Entered Level 5 of the Lair of Beasts
 18030 | Lair:4   | Noticed Urug
 18053 | Lair:4   | Killed Urug
 19297 | Lair:5   | Reached **** piety under Ashenzari
 19315 | Lair:5   | Reached skill level 1 in Throwing
 20402 | Lair:5   | Found a large runed translucent door.
 20402 | Lair:5   | Found a large runed translucent door.
 21068 | Lair:5   | Reached XP level 15. HP: 70/118 MP: 0/0
 21068 | Lair:5   | Learned a level 6 spell: Eringya's Noxious Bog
 21372 | D:6      | Killed Grinder
 21846 | D:7      | Found a runed translucent door.
 21847 | D:7      | Noticed Crazy Yiuf
 21853 | D:7      | Killed Crazy Yiuf
 22031 | D:8      | Found a hazy altar of Hepliaklqana.
 22140 | D:8      | Found a snail-covered altar of Cheibriados.
 22340 | D:10     | Entered Level 10 of the Dungeon
 22405 | D:10     | Identified the +1 trident "Kaorulu" {flame, rF+ rN+}
 22773 | D:10     | Found a flagged portal.
 22803 | Bailey   | Entered a bailey
 23084 | Bailey   | Noticed Prince Ribbit
 23090 | Bailey   | Killed Prince Ribbit
 23598 | D:10     | Reached ***** piety under Ashenzari
 23790 | D:10     | Reached skill level 10 in Evocations
 24431 | D:11     | Found Lahav's Tremendous Tomes.
 24521 | D:11     | Noticed Josephine
 24535 | D:11     | Killed Josephine
 24603 | D:11     | Your ally Josephine died
 25051 | D:11     | Noticed Fannar
 25057 | D:11     | Killed Fannar
 25058 | D:11     | Reached skill level 1 in Long Blades
 25834 | D:12     | Noticed Frances
 26053 | Orc:1    | Entered Level 1 of the Orcish Mines
 26721 | Orc:2    | Entered Level 2 of the Orcish Mines
 26881 | Orc:2    | Found a staircase to the Elven Halls.
 26957 | Orc:2    | Reached skill level 5 in Long Blades
 27002 | Orc:2    | Reached XP level 16. HP: 122/126 MP: 0/0
 27061 | Orc:2    | Found Uluri's Magic Scroll Shop.
 27061 | Orc:2    | Found Xurel's Magic Scroll Shoppe.
 27061 | Orc:2    | Found Hyrphuote's Antique Weapon Shoppe.
 27061 | Orc:2    | Found Qimnuig's Weapon Boutique.
 27089 | Orc:2    | Noticed Jorgrun
 27102 | Orc:2    | Killed Jorgrun
 27804 | Orc:2    | Bought a scroll of enchant weapon for 112 gold pieces
 27804 | Orc:2    | Bought a scroll of magic mapping for 112 gold pieces
 27804 | Orc:2    | Bought a scroll of magic mapping for 112 gold pieces
 27804 | Orc:2    | Bought a scroll of teleportation for 45 gold pieces
 27804 | Orc:2    | Bought a scroll of vulnerability for 60 gold pieces
 27978 | D:2      | Bought a potion of berserk rage for 60 gold pieces
 27978 | D:2      | Bought a potion of invisibility for 96 gold pieces
 27978 | D:2      | Bought a potion of resistance for 120 gold pieces
 27978 | D:2      | Bought a potion of attraction for 36 gold pieces
 28157 | Orc:2    | Bought a scroll of brand weapon for 104 gold pieces
 28157 | Orc:2    | Bought a scroll of magic mapping for 82 gold pieces
 28157 | Orc:2    | Bought a scroll of enchant weapon for 82 gold pieces
 28365 | Orc:2    | Bought a warped short sword for 200 gold pieces
 28365 | Orc:2    | Identified the +4 short sword "Veugocias" {flame, Contam
                  | rF++ Str+4} (You bought it in a shop on level 2 of the
                  | Orcish Mines)
 28539 | D:2      | Bought a glowing helmet for 217 gold pieces
 28749 | D:12     | Found Honex's Book Shop.
 29156 | D:12     | Killed Frances
 29619 | D:12     | Found Nurhero's Assorted Antiques.
 29620 | D:12     | Found Omatho's Armour Shoppe.
 29622 | D:12     | Found Zolocwuh's Antique Weapon Emporium.
 29642 | D:12     | Bought a potion of heal wounds for 130 gold pieces
 29642 | D:12     | Bought a scroll of butterflies for 104 gold pieces
 29642 | D:12     | Bought a scroll of teleportation for 78 gold pieces
 29642 | D:12     | Bought a potion of curing for 78 gold pieces
 29642 | D:12     | Bought a peridot ring for 130 gold pieces
 30068 | D:13     | Reached skill level 5 in Dodging
 30099 | D:13     | Found Ixicsoe's General Store.
 30141 | D:13     | Bought a potion of might for 56 gold pieces
 30717 | D:13     | Found a gate to the Vaults.
 32063 | D:15     | Entered Level 15 of the Dungeon
 32066 | D:15     | Identified the +0 helmet "Qyanuwn" {rElec rPois}
 32303 | D:15     | Reached skill level 10 in Dodging
 32716 | D:15     | Reached XP level 17. HP: 106/131 MP: 0/0
 32716 | D:15     | Learned a level 6 spell: Iron Shot
 32942 | D:15     | Identified the +5 chain mail of the Elven Halls {Rampage
                  | rElec rCorr}
 33132 | D:15     | Found a staircase to the Depths.
 33443 | D:13     | Bought a scroll of enchant weapon for 105 gold pieces
 33746 | Lair:2   | Killed zenocrate's ghost
 33753 | Lair:2   | Killed ragingrage's ghost
 34090 | Spider:1 | Entered Level 1 of the Spider Nest
 35260 | Spider:1 | Found a runed translucent door.
 35268 | Spider:1 | Identified the +11 dire flail "Sarcophage" {flame, Str+3}
 35451 | Spider:1 | Reached skill level 10 in Long Blades
 37641 | Spider:3 | Reached XP level 18. HP: 118/138 MP: 0/0
 38976 | Spider:4 | Entered Level 4 of the Spider Nest
 39625 | Spider:4 | Noticed Agnes
 39825 | Swamp:1  | Entered Level 1 of the Swamp
 41782 | Swamp:3  | Reached XP level 19. HP: 98/145 MP: 0/0
 41782 | Swamp:3  | Learned a level 7 spell: Dragon Form
 41925 | Swamp:3  | Identified the cursed +0 cloak of Ashenzari's Moon {Cun,
                  | Range} (You found it on level 8 of the Dungeon)
 41925 | Swamp:3  | Identified the cursed +2 pair of gloves of Ashenzari's
                  | Heresy {Fort, Self} (You found it on level 4 of the
                  | Dungeon)
 41925 | Swamp:3  | Identified the cursed +0 kite shield of the Lashed Failure
                  | {Cun, Evo} (You found it on level 3 of the Lair of Beasts)
 41925 | Swamp:3  | Identified the cursed quicksilver dragon scales of
                  | Ashenzari's Omen {Will+, Cun, Evo} (You found it on level 5
                  | of the Dungeon)
 42385 | Swamp:3  | Identified the Compilation of Malignant Rites
 43231 | Swamp:4  | Entered Level 4 of the Swamp
 43989 | Swamp:4  | Reached skill level 15 in Fighting
 44630 | Swamp:4  | Noticed the 27-headed Lernaean hydra
 44644 | Swamp:4  | Killed the 27-headed Lernaean hydra
 45057 | Swamp:4  | Got a decaying rune of Zot
 45206 | Swamp:4  | Found a runed translucent gate.
 45206 | Swamp:4  | Found a runed translucent gate.
 45207 | Swamp:4  | Found a runed translucent gate.
 45208 | Swamp:4  | Noticed Twinkles's ghost (adept TrHs)
 45940 | Elf:1    | Entered Level 1 of the Elven Halls
 46607 | Elf:1    | Found Xyuk's Antique Armour Emporium.
 46775 | Elf:1    | Reached XP level 20. HP: 162/162 MP: 0/0
 46889 | Elf:1    | Found Ceweg's Jewellery Emporium.
 46889 | Elf:1    | Found Aplat's Book Shop.
 46890 | Elf:1    | Found Ytuedei's Jewellery Emporium.
 47704 | Elf:2    | Paralysed by an air elemental for 1 turns
 48053 | Elf:2    | Found a runed translucent gate.
 48053 | Elf:2    | Found a runed translucent gate.
 48055 | Elf:2    | Found a runed translucent gate.
 48390 | Vaults:1 | Entered Level 1 of the Vaults
 49680 | Vaults:1 | Found Ledgh's Book Shoppe.
 51235 | Orc:2    | Bought a scroll of immolation for 44 gold pieces
 52195 | Vaults:2 | Reached XP level 21. HP: 163/174 MP: 0/0
 52195 | Vaults:2 | Learned a level 8 spell: Necromutation
 52526 | Vaults:2 | Reached skill level 10 in Armour
 53744 | Vaults:2 | Found a runed translucent gate.
 53744 | Vaults:2 | Found a runed translucent gate.
 53744 | Vaults:2 | Found a runed translucent gate.
 53744 | Vaults:2 | Noticed SirDiesAlot's ghost (adept DsFE)
 53809 | Vaults:2 | Found Weloqok's Magic Scroll Shop.
 53819 | Vaults:2 | Bought a scroll of blinking for 112 gold pieces
 53819 | Vaults:2 | Bought a scroll of fear for 60 gold pieces
 53819 | Vaults:2 | Bought a scroll of teleportation for 45 gold pieces
 53819 | Vaults:2 | Bought a scroll of fog for 60 gold pieces
 53819 | Vaults:2 | Bought a scroll of fog for 60 gold pieces
 53819 | Vaults:2 | Bought a scroll of magic mapping for 112 gold pieces
 53819 | Vaults:2 | Bought a scroll of silence for 142 gold pieces
 53819 | Vaults:2 | Bought a scroll of vulnerability for 60 gold pieces
 54712 | Vaults:3 | Reached XP level 22. HP: 170/180 MP: 0/0
 54722 | Vaults:3 | Reached skill level 15 in Armour
 55428 | Vaults:3 | Noticed a bone dragon
 55434 | Vaults:3 | Killed a bone dragon
 55435 | Vaults:3 | Found a staircase to the Crypt.
 57488 | Vaults:4 | Found Uciak's Weapon Shoppe.
 59505 | Elf:3    | Entered Level 3 of the Elven Halls
 59780 | Elf:3    | Reached XP level 23. HP: 157/191 MP: 0/0
 59780 | Elf:3    | Learned a level 8 spell: Disjunction
 60327 | Elf:3    | Found Weotibuof's Weapon Emporium.
 60606 | Elf:3    | Reached skill level 15 in Spellcasting
 60610 | Elf:3    | Identified the ring "Jeneor" {rN+ Int+4 Dex+3}
 62086 | Elf:3    | Identified the Tome of Nival Orogeny
 62947 | Spider:4 | Noticed Roxanne
 62955 | Spider:4 | Killed Roxanne
 63174 | Spider:4 | Noticed Nikola
 63185 | Spider:4 | Killed Nikola
 63447 | Spider:4 | Killed Agnes
 64396 | Spider:4 | Got a gossamer rune of Zot
 64852 | Depths:1 | Entered Level 1 of the Depths
 65148 | Depths:1 | Reached XP level 24. HP: 191/196 MP: 0/0
 65498 | Depths:1 | Found a corrupted altar of Lugonu.
 65498 | Depths:1 | Found a one-way gate to the infinite horrors of the Abyss.
 66523 | Depths:1 | Found a gateway to Hell.
 67399 | Depths:2 | Noticed Bai Suzhen
 67484 | Depths:1 | HP: 5/198 [spriggan berserker/+0 war axe (26)]
 67731 | Depths:1 | Killed Bai Suzhen
 67732 | Depths:1 | Reached skill level 15 in Evocations
 69077 | Depths:2 | Noticed a juggernaut
 69123 | Depths:2 | Noticed Saint Roka
 69562 | Depths:2 | Found a one-way gate leading to the halls of Pandemonium.
 70132 | Depths:2 | Killed Saint Roka
 70555 | Depths:2 | Killed a juggernaut
 70719 | Depths:3 | Noticed a caustic shrike
 71116 | Depths:3 | Killed a caustic shrike
 71295 | Depths:3 | Reached XP level 25. HP: 201/204 MP: 0/0
 71295 | Depths:3 | Learned a level 8 spell: Borgnjor's Revivification
 71539 | Depths:3 | Noticed a caustic shrike
 71550 | Depths:3 | Killed a caustic shrike
 72146 | Depths:3 | Noticed Margery
 72158 | Depths:3 | Killed Margery
 72432 | Depths:3 | Found a one-way gateway to a ziggurat.
 72575 | Depths:3 | Found a runed translucent door.
 72742 | Depths:3 | Reached skill level 5 in Stealth
 72786 | Depths:3 | Noticed a juggernaut
 72810 | Depths:3 | Killed a juggernaut
 73438 | Depths:3 | Found a broken altar of Ashenzari.
 73669 | Depths:3 | Found a runed translucent door.
 73669 | Depths:3 | Found a shimmering altar of Xom.
 73669 | Depths:3 | Noticed Odimm's ghost (master GrFi)
 73722 | Depths:4 | Entered Level 4 of the Depths
 74597 | Depths:4 | Found a gate to the Realm of Zot.
 75928 | Lair:3   | Killed jasper's ghost
 76329 | Crypt:1  | Entered Level 1 of the Crypt
 76772 | Elf:3    | Reached XP level 26. HP: 211/211 MP: 0/0
 78147 | Crypt:1  | Reached XP level 27. HP: 162/217 MP: 0/0
 78147 | Crypt:1  | Learned a level 9 spell: Dragon's Call
 78547 | Crypt:1  | Noticed Aizul
 78551 | Crypt:1  | Killed Aizul
 79344 | Crypt:2  | Identified the amulet "Fugoitep" {Reflect Rampage Str+2
                  | SH+5}
 80271 | Crypt:2  | Identified a scroll of acquirement
 80465 | Crypt:2  | Acquired a +4 double sword of distortion
 80632 | Crypt:2  | Found a transporter.
 80796 | Crypt:2  | Found a transporter.
 80796 | Crypt:2  | Noticed Dugafar's ghost (adept GrFi)
 80991 | Crypt:3  | Entered Level 3 of the Crypt
 82431 | Crypt:3  | Noticed Frederick
 82431 | Crypt:3  | Identified the +1 scale mail of Koxe {Will+}
 82440 | Crypt:3  | Killed Frederick
 82545 | Crypt:3  | Found a staircase to the Tomb.
 83269 | Crypt:3  | Found a runed translucent door.
 83865 | Crypt:3  | Noticed Hegoitz's ghost (veteran MiGl)
 84726 | Crypt:3  | Noticed a dread lich
 84736 | Crypt:3  | Killed a dread lich
 85886 | Lair:5   | Found a staircase to the Slime Pits.
 86048 | Slime:1  | Entered Level 1 of the Pits of Slime
 88107 | Slime:5  | Entered Level 5 of the Pits of Slime
 88310 | Slime:5  | Noticed the Royal Jelly
 88317 | Slime:5  | Killed the Royal Jelly
 88771 | Slime:5  | Identified the +3 ring mail "Ususs" {Int+3}
 88772 | Slime:5  | Identified the +1 trident of Eternal Night {spect, Will+
                  | MP+9 Dex+3}
 88773 | Slime:5  | Found the +9 staff of Olgreb {rPois∞}
 88773 | Slime:5  | Identified the ring of Icream {rF+ Str+6}
 88774 | Slime:5  | Found the +16 obsidian axe {drain, demonic, Mesm Drain Fly
                  | SInv}
 88774 | Slime:5  | Identified the +8 glaive "Vocimpan" {chaos, *Corrode +Blink
                  | rElec rF+++}
 88796 | Slime:5  | Identified the +0 chain mail "Reynk" {rCorr Str+2}
 88880 | Slime:5  | Got a slimy rune of Zot
 89936 | Zig:1    | Entered Level 1 of a ziggurat
 90100 | Zig:2    | Entered Level 2 of a ziggurat
 90175 | Zig:3    | Entered Level 3 of a ziggurat
 90177 | Zig:3    | Noticed a juggernaut
 90187 | Zig:3    | Killed a juggernaut
 90356 | Zig:4    | Entered Level 4 of a ziggurat
 90358 | Zig:4    | Found the +7 Spriggan's Knife {stab, EV+4 Stlth+}
 90467 | Zig:5    | Entered Level 5 of a ziggurat
 90480 | Zig:5    | Identified the +0 pair of boots of New Discoveries {Str+2
                  | SInv}
 90696 | Zig:6    | Entered Level 6 of a ziggurat
 90702 | Zig:6    | Noticed Omaoma the pandemonium lord
 90710 | Zig:6    | Killed Omaoma the pandemonium lord
 91079 | Zig:6    | Identified the +1 trident of Egagiosa {antimagic, rPois}
 91079 | Zig:6    | Found the +3 greatsling "Punk" {acid, rCorr}
 91174 | Zig:7    | Entered Level 7 of a ziggurat
 91250 | Zig:7    | Identified the ring of Ireiples {Str+6 Dex+5 Slay+2}
 91251 | Zig:7    | Found the +12 pair of quick blades "Gyre" and "Gimble"
                  | {protect}
 91385 | Zig:8    | Entered Level 8 of a ziggurat
 91737 | Zig:8    | Identified the ring "Buogya" {rElec rC+ MP+9 Int+2}
 91739 | Zig:8    | Identified the +1 rapier of Aceduoc {heavy, rElec Str+5
                  | Dex-3}
 93488 | Vaults:2 | Killed SirDiesAlot's ghost
 93966 | Swamp:4  | Killed Twinkles's ghost
 94558 | Vaults:5 | Entered Level 5 of the Vaults
 94856 | Vaults:5 | Noticed a dread lich
 94877 | Vaults:5 | Killed a dread lich
 95308 | Vaults:5 | Identified the +0 leather armour "Xudghun" {*Corrode rC+
                  | Regen+ Str+3}
 95600 | Vaults:5 | Found Vyorph's Antique Weapon Shop.
 95822 | Vaults:5 | Found Oratasyo's Distillery.
 96040 | Vaults:5 | Bought a potion of resistance for 220 gold pieces
 96040 | Vaults:5 | Bought a potion of haste for 220 gold pieces
 96040 | Vaults:5 | Bought a potion of curing for 66 gold pieces
 96040 | Vaults:5 | Bought a potion of heal wounds for 110 gold pieces
 96040 | Vaults:5 | Bought 2 potions of brilliance for 176 gold pieces
 96153 | Vaults:5 | Found Reicw's Distillery.
 96153 | Vaults:5 | Found Kutoerph's Antique Weapon Shoppe.
 96158 | Vaults:5 | Bought a steaming scimitar for 351 gold pieces
 96158 | Vaults:5 | Identified the +8 scimitar of Makhleb's Wrath {pain, rPois
                  | rN+} (You bought it in a shop on level 5 of the Vaults)
 96167 | Vaults:5 | Bought a potion of cancellation for 120 gold pieces
 96167 | Vaults:5 | Bought a potion of brilliance for 60 gold pieces
 96167 | Vaults:5 | Bought a potion of haste for 150 gold pieces
 96167 | Vaults:5 | Bought a potion of curing for 45 gold pieces
 96167 | Vaults:5 | Bought a potion of curing for 45 gold pieces
 96167 | Vaults:5 | Bought a potion of curing for 45 gold pieces
 96175 | Vaults:5 | Found Luomoris's Distillery.
 96175 | Vaults:5 | Found Giefiack's Distillery.
 96179 | Vaults:5 | Bought a potion of might for 48 gold pieces
 96179 | Vaults:5 | Bought a potion of brilliance for 48 gold pieces
 96179 | Vaults:5 | Bought a potion of berserk rage for 60 gold pieces
 96179 | Vaults:5 | Bought a potion of haste for 120 gold pieces
 96179 | Vaults:5 | Bought a potion of resistance for 120 gold pieces
 96185 | Vaults:5 | Found Vein's Distillery.
 96186 | Vaults:5 | Bought a potion of curing for 42 gold pieces
 96186 | Vaults:5 | Bought a potion of curing for 42 gold pieces
 96186 | Vaults:5 | Bought a potion of curing for 42 gold pieces
 96186 | Vaults:5 | Bought 2 potions of haste for 280 gold pieces
 96186 | Vaults:5 | Bought 2 potions of haste for 280 gold pieces
 96186 | Vaults:5 | Bought a potion of might for 56 gold pieces
 96186 | Vaults:5 | Bought a potion of mutation for 112 gold pieces
 96186 | Vaults:5 | Bought 2 potions of mutation for 224 gold pieces
 96193 | Vaults:5 | Bought a potion of curing for 57 gold pieces
 96193 | Vaults:5 | Bought a potion of curing for 57 gold pieces
 96193 | Vaults:5 | Bought a potion of heal wounds for 95 gold pieces
 96193 | Vaults:5 | Bought a potion of might for 76 gold pieces
 96193 | Vaults:5 | Bought 2 potions of brilliance for 152 gold pieces
 96193 | Vaults:5 | Bought a potion of resistance for 190 gold pieces
 96268 | Vaults:5 | Identified Woesiq's Discursus on Entrancing Anthracomancy
 96304 | Vaults:5 | Got a silver rune of Zot
 97099 | Hell     | Entered the Vestibule of Hell
 97101 | Hell     | Noticed Geryon
 97110 | Hell     | Killed Geryon
 97307 | Hell     | Found a gateway to the decaying netherworld of Tartarus.
 97789 | Hell     | Found a gateway to the freezing wastes of Cocytus.
 97952 | Hell     | Found a gateway to the Iron City of Dis.
 98025 | Hell     | Found a gateway to the ashen valley of Gehenna.
 98278 | Zot:1    | Entered Level 1 of the Realm of Zot
100058 | Zot:2    | Noticed Parghit
100068 | Zot:2    | Killed Parghit
101398 | Zot:3    | Noticed a Killer Klown
101408 | Zot:3    | Killed a Killer Klown
101769 | Zot:3    | Found a transporter.
101769 | Zot:3    | Identified the ring of Deuvys {Ice Contam rElec rPois
                  | rCorr}
101784 | Zot:3    | Reached skill level 15 in Dodging
101939 | Zot:3    | Reached skill level 10 in Stealth
102158 | Zot:3    | Found a transporter.
102608 | Zot:3    | Found a transporter.
102693 | Zot:3    | Found a transporter.
102696 | Zot:3    | Noticed bjtr's ghost (legendary GrEE)
102708 | Zot:3    | Identified the +2 pair of gloves "Rueku Foghu" {Str+2}
103616 | Zot:4    | Noticed a Killer Klown
103616 | Zot:4    | Noticed a Killer Klown
104989 | Zot:4    | Killed a Killer Klown
105075 | Zot:4    | Killed a Killer Klown
106144 | Zot:5    | Entered Level 5 of the Realm of Zot
107190 | Zot:5    | Noticed a Killer Klown
107505 | Zot:5    | Killed a Killer Klown
107514 | Zot:5    | Noticed an ancient lich
107516 | Zot:5    | Noticed a dread lich
107525 | Zot:5    | Killed an ancient lich
107526 | Zot:5    | Killed a dread lich
107765 | Zot:5    | Noticed a Killer Klown
107795 | Zot:5    | Killed a Killer Klown
108204 | Zot:5    | Noticed an orb of fire
108215 | Zot:5    | Killed an orb of fire
108275 | Zot:5    | Noticed a Killer Klown
108283 | Zot:5    | Killed a Killer Klown
108385 | Zot:5    | Noticed a Killer Klown
108719 | Zot:5    | Killed a Killer Klown
108746 | Zot:5    | Noticed an orb of fire
108760 | Zot:5    | Killed an orb of fire
109455 | Zot:5    | Noticed an orb of fire
109467 | Zot:5    | Noticed an orb of fire
109469 | Zot:5    | Killed an orb of fire
109483 | Zot:5    | Gained mutation: You occasionally shout uncontrollably at
                  | your foes. [an orb of fire]
109483 | Zot:5    | Killed an orb of fire
109728 | Zot:5    | Noticed an ancient lich
109734 | Zot:5    | Killed an ancient lich
109741 | Zot:5    | Noticed an orb of fire
109749 | Zot:5    | Gained mutation: You are frail. (-10% HP) [an orb of fire]
109763 | Zot:5    | Killed an orb of fire
109788 | Zot:5    | Noticed a Killer Klown
109794 | Zot:5    | Killed a Killer Klown
110253 | Zot:5    | Got the Orb of Zot
110361 | Zot:4    | Noticed Cyig the pandemonium lord
110390 | Zot:4    | Noticed a seraph
110528 | Depths:2 | Noticed Omiulaib the pandemonium lord
110533 | Depths:2 | Killed Omiulaib the pandemonium lord
110909 | D:$      | Escaped with the Orb!

Illustrated notes

Levels and vault maps discovered:
D:1:      saegor_arrival_under_anarchy, layout_loops_ring
D:2:      layout_basic, serial_shops, shop, shop
D:3:      layout_loops_cross, chequers_big_river, uniq_sigmund
D:4:      layout_loops_ring, okawaru_ov_weapons_minmay,
          mainiacjoe_overflow_six_doors_small, minmay_temple_entry_mini_moons,
          lightli_sewer_entry_pipes, uniq_edmund
D:5:      nicolae_cairo_tiling_large, layout_loops_ring, jmf_multi_god_temple2,
          uniq_pikel
D:6:      layout_cave_pools, fedhas_altar_decomposition, skrybe_limestone_x,
          uniq_grinder
D:7:      layout_loops_ring, st_stairs_5, minmay_gold_behind_fungi,
          uniq_crazy_yiuf_cottage
D:8:      layout_loops_ring, mainiacjoe_overflow_catwalk,
          general_overflow_altar, nicolae_hepliaklqana_monster_ancestors,
          kennysheep_slug_shrine, nicolae_underground_beach
D:9:      layout_loops_ring, nicolae_overflow_hidden_temple,
          nicolae_overflow_crystal_walls, due_lair_maze_entry_diamond
D:10:     layout_loops_ring, special_room [special_room_orc], serial_ice,
          serial_ice_g, serial_ice_e, serial_ice_n, serial_ice_i,
          enter_bailey_3, minmay_misc_feat_x
D:11:     layout_basic, nicolae_shop_i_like_big_books, st_stairs_14,
          nicolae_two_hexagons, uniq_josephine, uniq_fannar
D:12:     layout_grid_maze, serial_shops, nicolae_stop_n_shop_1,
          nicolae_wooded_promenade, uniq_frances
D:13:     layout_gridville, lightli_vaults_fourway_checkpoint, serial_shops,
          nicolae_shop_advertising_works [nicolae_subvault_shop_adworks],
          bh_circular_ruins
D:14:     layout_long_grid, minmay_misc_feat_pillars, the_hattery
D:15:     grunt_enter_depths_snipers, layout_gridville, lemuel_flame_loot_1
Temple:   grunt_temple_mini_profane
Lair:1:   layout_long_grid
Lair:2:   beast_lair_carwin_large_4, layout_misc_corridors,
          gammafunk_ghost_cemetery, worms_lemuel
Lair:3:   layout_regular_city, palyth_hydra_swamp_entry,
          spider_nest_entry_rubble, gammafunk_ghost_wrathful_warriors
Lair:4:   layout_small_grid, uniq_urug
Lair:5:   cheibrodos_lair_end_hotspot, layout_long_grid,
          minmay_slime_entry_oklob_enclosed, serial_rivers,
          chequers_serial_rivers_small_3, chequers_serial_rivers_micro_a,
          chequers_serial_rivers_large_b, chequers_serial_rivers_room_a,
          chequers_serial_rivers_small_a, pond
Swamp:1:  layout_basic_swamp, nicolae_swamp_godswood
Swamp:2:  layout_basic_swamp, basic_altar
Swamp:3:  layout_falls_marsh, serial_swamp_ruin, evilmike_swamp_ruin_house_4,
          evilmike_swamp_ruin_house_5, evilmike_swamp_ruin_wall, swamp_pool2,
          beargit_kiku_chapel
Swamp:4:  grunt_swamp_rune_castle, layout_basic_swamp,
          ebering_ghost_rock_garden, nzn_swamp_dancing_lights,
          infiniplex_staircase_pool_2
Spider:1: cheibrodos_spider_deadly_dance, nicolae_spider_webs_and_nodes
Spider:2: layout_spider_delve, nicolae_spider_world_wide_web
Spider:3: layout_spider_delve
Spider:4: hellmonk_spider_rune_endless_swarm, uniq_roxanne, uniq_agnes,
          uniq_nikola
Slime:1:  layout_caves
Slime:2:  layout_caves
Slime:3:  cheibrodos_slime_lost_civilization_8, layout_caves
Slime:4:  layout_caves
Slime:5
Orc:1:    layout_caves
Orc:2:    st_orc_ogre_mass, layout_caves, mines5_lemuel, uniq_jorgrun
Elf:1:    layout_loops_cross, serial_shops, shop, hangedman_elf_disciples,
          nicolae_twisting_strands, minmay_shop_grove
Elf:2:    nicolae_elf_blades_splatter_lattice [nicolae_blade_lattice],
          layout_loops_cross
Elf:3:    nooodl_elf_gasket, layout_loops_corners, serial_shops, shop_statue
Vaults:1: vaults_mumra_hexcomb, v_misc_13, vaults_room_guarded_vault, v_misc_8,
          ontoclasm_vaults_tryst, v_misc_10, nicolae_vaults_stairing_the_circle,
          nicolae_vaults_little_ls, nicolae_vaults_theta, v_misc_18,
          ontoclasm_vaults_decontamination, layout_vaults_omnibox, serial_shops,
          shop_coins
Vaults:2: ebering_ghost_rock_garden, v_misc_8, v_misc_31, st_spiral_rooms,
          v_alt_pattern_2, v_misc_29, dpeg_vaults_monster_box,
          nicolae_vaults_little_squares_6, ontoclasm_vaults_ligature,
          vaults_mumra_hex, layout_vaults_quadrants, serial_shops,
          nicolae_lakefront_shop
Vaults:3: ontoclasm_vaults_claustrophobia, v_alt_pattern_2,
          ontoclasm_vaults_spin, nicolae_vaults_border_crossing,
          minmay_crypt_entry_nasty_monster, v_rooms_5, nicolae_vaults_asterisk,
          v_alt_pattern_4, v_pattern_3, nicolae_vaults_sealed_display,
          dpeg_vaults_hating_casters, v_misc_16, layout_vaults_ring
Vaults:4: v_misc_28, ontoclasm_vaults_eye, hangedman_vaults_nodes,
          nicolae_vaults_ring_of_whatevers, hangedman_vaults_slice, v_misc_12,
          v_alt_pattern_2, ontoclasm_vaults_hangar, layout_vaults_omnicross,
          serial_shops, nicolae_shop_crystal
Vaults:5
Crypt:1:  layout_rooms, uniq_aizul
Crypt:2:  layout_rooms, gammafunk_ghost_mausoleum, minmay_misc_feat_columns,
          minmay_misc_feat_rows
Crypt:3:  church_of_pain_bobbens, layout_chaotic_city,
          ebering_ghost_reflecting_pool, fountainhead, minivault_14,
          eino_tiny_chamber, uniq_frederick
Depths:1: layout_gridville, grunt_hell_horde, amcnicky_altar_lugonu_corruption,
          grunt_megastairs_4
Depths:2: cheibrodos_leafed_vault, layout_gridlike, hell_entry,
          grunt_pan_entry_zigzag, minmay_tree_intersection, uniq_josephina,
          uniq_saint_roka, uniq_bai_suzhen
Depths:3: minmay_the_grid_square_5x5_5x5_mashed
          [minmay_the_grid_square_5x5_checkered_sparse,
          minmay_the_grid_square_5x5_bite, minmay_the_grid_square_5x5_minimal,
          minmay_the_grid_square_5x5_checkered, minmay_the_grid_square_5x5_n,
          minmay_the_grid_square_5x5_two_walls_b,
          minmay_the_grid_square_5x5_prize_open,
          minmay_the_grid_square_5x5_detours,
          minmay_the_grid_square_5x5_prize_waves,
          minmay_the_grid_square_5x5_percent,
          minmay_the_grid_square_5x5_broken_cross,
          minmay_the_grid_square_5x5_hollow_slash,
          minmay_the_grid_square_5x5_prize_open,
          minmay_the_grid_square_5x5_beaten_path,
          minmay_the_grid_square_5x5_hourglass,
          minmay_the_grid_square_5x5_eight_small,
          minmay_the_grid_square_5x5_prize_gold,
          minmay_the_grid_square_5x5_spiral,
          minmay_the_grid_square_5x5_prize_open,
          minmay_the_grid_square_5x5_n_small,
          minmay_the_grid_square_5x5_inner_i, minmay_the_grid_square_5x5_mess,
          minmay_the_grid_square_5x5_six, minmay_the_grid_square_5x5_plus,
          minmay_the_grid_square_5x5_two], layout_cave_pools, enter_ziggurat_c,
          ashenzari_altar_1, hell_entry, ebering_ghost_xom,
          hangedman_abyss_entry_splay, kennysheep_treasure_room, uniq_margery
Depths:4: grunt_x_marks_the_spot, layout_gridlike, serial_bayou_pond_b,
          pf_hell_entry_great_geh, rand_demon_pan_entry_5
Hell
Zot:1:    layout_onion_interference, grunt_megastairs_2
Zot:2:    lemuel_halls_of_wrath, layout_onion, hangedman_hellfire_club,
          uniq_parghit
Zot:3:    gammafunk_its_a_trap, layout_cathedral_of_symmetry,
          gammafunk_ghost_arena
Zot:4:    grunt_deathspiral_small, layout_cathedral_of_symmetry
Zot:5:    layout_twisted_circle, st_stairs_14, lemuel_baited_zot_trap

Skill      XL: |  1  2  3  4  5  6  7  8  9 10 11 12 13 14 15 16 17 18 19 20 21 22 23 24 25 26 27 |
---------------+----------------------------------------------------------------------------------+-----
Fighting       | 1 2 5 7 10 11 12 16 19 20 24 | 24.0
Spellcasting   | 4 5 6 9 10 11 12 13 14 15 16 24 | 24.5
Evocations     | 5 7 10 13 18 | 18.9
Armour         | 6 8 9 14 15 21 | 21.9
Short Blades   | 6 |  6.4
Shields        | 6 9 |  9.9
Throwing       | 4 |  4.0
Long Blades    | 6 8 12 13 | 13.7
Dodging        | 10 11 18 | 18.2
Stealth        | 9 10 | 10.1

Action                     |  1- 3 |  4- 6 |  7- 9 | 10-12 | 13-15 | 16-18 | 19-21 | 22-24 | 25-27 || total
---------------------------+-------+-------+-------+-------+-------+-------+-------+-------+-------++-------
  Melee: Unarmed           |     4 |       |       |       |       |       |     7 |       |       ||    11
         Short sword       |     3 |     1 |       |    18 |   269 |   156 |    11 |     5 |       ||   463
         Staff             |       |       |    33 |     7 |       |       |    46 |    12 |     7 ||   105
         Punch             |       |       |       |     1 |     1 |       |       |       |       ||     2
         Scimitar          |       |       |       |       |       |    47 |       |       |    42 ||    89
         Tailslap          |       |       |       |       |       |       |     1 |       |       ||     1
         Bite              |       |       |       |       |       |       |     1 |       |       ||     1
   Fire: Greatsling        |       |       |       |       |       |       |       |       |     2 ||     2
  Throw: Boomerang         |       |       |       |       |   135 |    42 |       |       |       ||   177
         Dart              |       |       |       |       |    47 |    15 |    11 |    73 |    55 ||   201
         Javelin           |       |       |       |       |    18 |    36 |     3 |     1 |       ||    58
   Cast: Necrotise         |    70 |    48 |    98 |    35 |       |       |       |       |       ||   251
         Vampiric Draining |       |     5 |    31 |   175 |   166 |    98 |   186 |   143 |    43 ||   847
         Poisonous Vapours |       |    18 |    54 |   292 |   342 |   564 |   316 |   304 |    12 ||  1902
         Searing Ray       |       |       |    30 |     4 |     6 |     2 |       |       |       ||    42
         Animate Dead      |       |       |     1 |     6 |     8 |    23 |    27 |    23 |    54 ||   142
         Anguish           |       |       |       |    26 |    15 |     4 |       |       |       ||    45
         Swiftness         |       |       |       |     3 |     1 |       |     1 |     1 |     1 ||     7
         Borgnjor's Vile C |       |       |       |       |   150 |   105 |    76 |   123 |   257 ||   711
         Eringya's Noxious |       |       |       |       |    36 |    56 |    49 |    38 |    33 ||   212
         Iron Shot         |       |       |       |       |       |    64 |   207 |   370 |   744 ||  1385
         Dragon Form       |       |       |       |       |       |       |     2 |       |       ||     2
         Necromutation     |       |       |       |       |       |       |     2 |     4 |     4 ||    10
         Disjunction       |       |       |       |       |       |       |       |     1 |       ||     1
         Dragon's Call     |       |       |       |       |       |       |       |       |   102 ||   102
 Invoke: Curse Item        |       |       |       |     4 |     3 |     1 |       |     2 |       ||    10
         Shatter the Chain |       |       |       |       |       |     1 |       |     2 |       ||     3
Ability: Evoke Blink       |       |       |       |       |       |       |       |       |     1 ||     1
  Evoke: Phantom mirror    |       |       |       |     2 |     2 |     3 |     8 |     8 |    18 ||    41
         Wand              |       |       |       |     2 |    14 |    12 |    34 |    15 |    27 ||   104
         Condenser vane    |       |       |       |       |     1 |     7 |     7 |    10 |    19 ||    44
         Tin of tremorston |       |       |       |       |       |       |       |     9 |     8 ||    17
         Box of beasts     |       |       |       |       |       |       |       |     4 |    14 ||    18
         Phial of floods   |       |       |       |       |       |       |       |     3 |    20 ||    23
         Horn of Geryon    |       |       |       |       |       |       |       |       |     9 ||     9
         Lightning rod     |       |       |       |       |       |       |       |       |     5 ||     5
    Use: Potion            |       |     1 |       |     9 |     2 |       |     4 |    12 |    31 ||    59
         Scroll            |       |       |       |    22 |     5 |    11 |     7 |    17 |    25 ||    87
   Stab: Sleeping          |       |       |     1 |       |       |     1 |       |       |     1 ||     3
         Distracted        |       |       |       |       |     1 |     2 |       |     1 |     2 ||     6
 Armour: Robe              |    11 |     9 |    24 |       |       |       |       |       |       ||    44
         Quicksilver drago |       |       |    57 |   206 |   235 |   184 |   199 |   208 |   255 ||  1344
         Skin              |       |       |       |       |       |       |     3 |       |       ||     3
  Dodge: Dodged            |    19 |    17 |    84 |   241 |   238 |   345 |   307 |   252 |   405 ||  1908
  Block: Kite shield       |       |       |       |       |   285 |   511 |   318 |   327 |   464 ||  1905
         Reflection        |       |       |       |       |       |       |       |    19 |    18 ||    37

Table legend: (Time is in decaauts)
 A = Elapsed time spent in this place.
 B = Non-inter-level travel time spent in this place.
 C = Inter-level travel time spent in this place.
 D = Time resting spent in this place.
 E = Time spent auto-exploring this place.
 F = Levels seen in this place.
 G = Mean time per level.
                   A        B        C        D        E       F      G
               +--------+--------+--------+--------+--------+-----+--------+
         Total | 111018 |  98757 |  12261 |  41413 |  32004 |  66 | 1682.1 |
       Dungeon |  23712 |  18866 |   4846 |   5984 |   7848 |  15 | 1580.8 |
        Temple |    151 |    128 |     23 |     13 |     83 |   1 |  151.0 |
          Lair |  12414 |  10647 |   1767 |   4699 |   3330 |   5 | 2482.8 |
         Swamp |   6367 |   5980 |    387 |   2828 |   1810 |   4 | 1591.8 |
   Spider Nest |   8034 |   7249 |    785 |   2952 |   2212 |   4 | 2008.5 |
    Slime Pits |   2526 |   2481 |     45 |   1218 |    307 |   5 |  505.2 |
  Orcish Mines |   2590 |   2114 |    476 |    852 |    788 |   2 | 1295.0 |
   Elven Halls |   6115 |   5394 |    721 |   2136 |   1859 |   3 | 2038.3 |
        Vaults |  13539 |  11790 |   1749 |   3207 |   4952 |   5 | 2707.8 |
         Crypt |   8515 |   8119 |    396 |   4877 |   1783 |   3 | 2838.3 |
        Depths |  11798 |  10967 |    831 |   5440 |   3191 |   4 | 2949.5 |
          Hell |    871 |    854 |     17 |    183 |    332 |   1 |  871.0 |
           Zot |  11901 |  11688 |    213 |   5290 |   3358 |   5 | 2380.2 |
      Ziggurat |   1940 |   1940 |      0 |   1505 |     22 |   8 |  242.5 |
        Bailey |    538 |    538 |      0 |    228 |    129 |   1 |  538.0 |
               +--------+--------+--------+--------+--------+-----+--------+

Top non-repeatable levels by time:
   Zot:4: 3781 daAuts
Depths:1: 3710 daAuts
  Lair:1: 3610 daAuts
   Zot:5: 3421 daAuts
 Crypt:3: 3185 daAuts
   Elf:3: 3180 daAuts
Depths:2: 3173 daAuts
Vaults:3: 3078 daAuts
 Crypt:1: 3063 daAuts
Vaults:1: 2989 daAuts
Spider:1: 2821 daAuts
  Lair:5: 2779 daAuts
 Swamp:4: 2691 daAuts
Depths:3: 2664 daAuts
Vaults:4: 2632 daAuts
